 Dungeon Crawl Stone Soup version 0.27-a0-679-g77a6b55cf3 (webtiles) character file.

Game seed: 15243084798099898026

116 kae the Ruffian (level 5, -3/45 HPs)
             Began as a Naga Transmuter on Mar 18, 2021.
             Slain by a gnoll
             ... wielding a +0 halberd
              (16 damage)
             ... on level 3 of the Dungeon.
             The game lasted 00:02:19 (3047 turns).

kae the Ruffian (Naga Transmuter)                   Turns: 3047, Time: 00:02:20

Health: -3/45      AC:  2    Str: 13    XL:     5   Next: 1%
Magic:  2/8        EV: 20    Int: 13    God:
Gold:   108        SH:  0    Dex: 23    Spells: 5/9 levels left

rFire    . . .     SeeInvis +     - Unarmed
rCold    . . .     Faith    .   (shield currently unavailable)
rNeg     . . .     Spirit   .   (armour currently unavailable)
rPois    x         Reflect  .   (helmet currently unavailable)
rElec    .         Harm     .   (cloak currently unavailable)
rCorr    .         Rampage  .   (gloves currently unavailable)
Will     .....                  (no barding)
Stlth    ++........             (no amulet)
HPRegen  0.15/turn              b - +6 ring of dexterity
MPRegen  0.11/turn              (no ring)

@: spider-form, very slightly contaminated
A: venomous fangs, AC +1, tiny, see invisible, (deformed body), (poison
resistance), (slowness 2), spit poison 1, (naga tail 1)
a: Spit Poison, End Transformation


You were on level 3 of the Dungeon.
You were a venomous arachnid creature.
You visited 1 branch of the dungeon, and saw 3 of its levels.

You collected 108 gold pieces.

Inventory:

Armour
 a - a +0 robe (melded)
Jewellery
 b - a +6 ring of dexterity (right front leg)
Scrolls
 d - a scroll of teleportation {unknown}
 e - a scroll of torment {unknown}
 g - a scroll of immolation {unknown}
 h - a scroll of identify {unknown}
Potions
 c - a potion of heal wounds {unknown}
 f - a potion of might {unknown}
 i - a potion of curing {unknown}


   Skills:
 + Level 1.8 Fighting
 + Level 2.0 Dodging
 * Level 3.8 Unarmed Combat
 + Level 2.5 Spellcasting
 * Level 2.9 Transmutations
 * Level 1.4 Poison Magic


You had 5 spell levels left.
You knew the following spells:

 Your Spells              Type           Power      Damage    Failure   Level
a - Beastly Appendage     Tmut           18%        N/A       19%         1
b - Spider Form           Tmut/Pois      3%         N/A       52%         3

Your spell library contained the following spells:

 Spells                   Type           Power      Damage    Failure   Level
 Wereblood                Tmut           9%         N/A       26%         2
 Ice Form                 Ice/Tmut       5%         N/A       91%         4
 Blade Hands              Tmut           4%         N/A       97%         5


Dungeon Overview and Level Annotations

Branches:
Dungeon (3/15)

Altars:
Makhleb
Yredelemnul


Innate Abilities, Weirdness & Mutations

You are a venomous arachnid creature.
You have poisonous fangs.
You are tiny and dextrous.
Your spellcasting is less reliable in this form.
Your armour is entirely melded.
You are incapable of wielding weapons or throwing items.
((Your serpentine skin is tough. (AC +1)))
You have supernaturally acute eyesight. (SInv)
((Armour fits poorly on your strangely shaped body.))
((Your system is resistant to poisons. (rPois)))
((You cover ground very slowly.))
You can spit poison.
((You have a snake-like lower body.))


Message History

You see here a hobgoblin corpse.
The hobgoblin shouts!
You hear a shout! x2
The hobgoblin drinks a potion.
The hobgoblin seems to speed up.
A gnoll comes into view. It is wielding a +0 halberd.
The hobgoblin hits you.
You hit the hobgoblin.
You kill the hobgoblin!
A goblin comes into view. It is wielding a +0 club.
The gnoll barely misses you.
There are monsters nearby!
You hit the gnoll.
The gnoll is moderately wounded.
The gnoll barely misses you.
You hit the gnoll.
The gnoll is severely wounded.
The gnoll hits you with a +0 halberd!
There are monsters nearby!
Casting: Spider Form (quite dangerous; 30% risk of failure)
Confirm with . or Enter, or press ? or * to list all spells.
The spell is quite dangerous to cast (30% risk of failure)!
Continue anyway? [Y]es or [N]o only, please.
The spell is quite dangerous to cast (30% risk of failure)!
Continue anyway?
You miscast Spider Form.
You are very lightly contaminated with residual magic.
Multicoloured lights dance before your eyes.
The goblin completely misses you. The gnoll hits you with a +0 halberd!
* * * LOW HITPOINT WARNING * * *
Okay, then.
Casting: Spider Form (quite dangerous; 30% risk of failure)
Confirm with . or Enter, or press ? or * to list all spells.
The spell is quite dangerous to cast (30% risk of failure)!
Continue anyway? [Y]es or [N]o only, please.
The spell is quite dangerous to cast (30% risk of failure)!
Continue anyway?
You turn into a venomous arachnid creature.
Your +0 robe melds into your body.
The goblin completely misses you. The gnoll closely misses you.
You hit the gnoll.
The gnoll is poisoned.
The gnoll is almost dead.
The goblin misses you. The gnoll hits you with a +0 halberd!
You die...

#.PPPP##............
#P$$$P#..####.....##
##.$$$...## .......#
#.P$$$P.## .......#
#..PPP..# #........
#.....†## .....##
##.....## ..##
#.$.#..##..
#.gs.....#
#.g#####.# #.. ...
#.. ..# ... .# ..##
... ..##


You could see a gnoll (very poisoned) and a goblin.

Vanquished Creatures
  A worker ant (D:2)
  3 adders (D:2)
  3 worms
  A dart slug (D:1)
  A leopard gecko (D:3)
  An orc (D:3)
  A giant cockroach (D:2)
  8 hobgoblins
  3 quokkas
  8 bats
  5 frilled lizards
  7 goblins
  9 kobolds
  6 rats
57 creatures vanquished.

Vanquished Creatures (others)
  3 fungi (D:3)
  2 toadstools (D:3)
5 creatures vanquished.

Grand Total: 62 creatures vanquished

Notes
Turn   | Place    | Note
-------+----------+-------------------------------------------
     0 | D:1      | kae the Naga Transmuter began the quest for the Orb.
     0 | D:1      | Reached XP level 1. HP: 18/18 MP: 3/3
   158 | D:1      | Reached XP level 2. HP: 8/25 MP: 3/5
  1409 | D:2      | Reached XP level 3. HP: 31/31 MP: 4/6
  2069 | D:2      | Learned a level 3 spell: Spider Form
  2248 | D:2      | Reached XP level 4. HP: 34/38 MP: 5/7
  2333 | D:2      | Reached skill level 1 in Poison Magic
  2885 | D:3      | Found a basalt altar of Yredelemnul.
  2907 | D:3      | Found a burning altar of Makhleb.
  2982 | D:3      | Reached XP level 5. HP: 45/45 MP: 1/8
  3047 | D:3      | Slain by a gnoll

Illustrated notes

Levels and vault maps discovered:
D:1:      minmay_arrival_wavy_path, layout_basic
D:2:      layout_loops_cross
D:3:      layout_rooms, lemuel_crystal_altar, general_overflow_altar,
          minmay_gold_behind_fungi, st_stairs_4, minmay_vboxes

Skill      XL: |  1  2  3  4 |
---------------+-------------+-----
Dodging        | 2 |  2.0
Poison Magic   | 1 |  1.4
Fighting       | |  1.8
Unarmed Combat | |  3.8
Spellcasting   | |  2.5
Transmutations | |  2.9

Action                   |  1- 3 |  4- 6 || total
-------------------------+-------+-------++-------
Melee: Unarmed           |    39 |    46 ||    85
       Headbutt          |     3 |     1 ||     4
       Punch             |     1 |       ||     1
 Cast: Beastly Appendage |    18 |    13 ||    31
       Spider Form       |       |     6 ||     6
 Abil: Spit Poison       |    32 |    10 ||    42
Armor: Robe              |     4 |     1 ||     5
       Skin              |       |     1 ||     1
Dodge: Dodged            |    25 |    37 ||    62

Table legend: (Time is in decaauts)
 A = Elapsed time spent in this place.
 B = Non-inter-level travel time spent in this place.
 C = Inter-level travel time spent in this place.
 D = Time resting spent in this place.
 E = Time spent auto-exploring this place.
 F = Levels seen in this place.
 G = Mean time per level.
                   A        B        C        D        E       F      G
               +--------+--------+--------+--------+--------+-----+--------+
         Total |   3566 |   3509 |     57 |    126 |   2959 |   3 | 1188.7 |
       Dungeon |   3566 |   3509 |     57 |    126 |   2959 |   3 | 1188.7 |
               +--------+--------+--------+--------+--------+-----+--------+

Top non-repeatable levels by time:
     D:2: 1608 daAuts
     D:1: 1418 daAuts
     D:3: 540 daAuts
